[ PARTIDA AOE2 · #495328243 ]
UnrankedPersas vs Saracens
Equipo del jugador · VICT
Equipo rival · DERR
[ ANÁLISIS DE REPETICIÓN · EXTRAÍDO DE LA PARTIDA GRABADA ]
Feudal
10:14
Castillos
22:39
Imperial
41:35
| APM promedio | 28.2 |
| APM pico | 62 |
| eAPM promedio | 17.2 |
| Aldeanos / militares | 168 / 475 |
Foco
⚔️ 42.5% · 🌾 57.5%
Knight ×190 · Archer ×176 · Scout Cavalry ×86 · Bombard Cannon ×9 · Trebuchet (Packed) ×7 · Camel Scout ×5
Feudal
9:32
Castillos
24:08
Imperial
41:14
| APM promedio | 63.2 |
| APM pico | 261 |
| eAPM promedio | 27.4 |
| Aldeanos / militares | 178 / 408 |
Foco
⚔️ 39.6% · 🌾 60.4%
Archer ×179 · Scout Cavalry ×143 · Camel Scout ×64 · Trebuchet (Packed) ×11 · Monk ×6 · Spearman ×3
Mapa de la partida
Recursos iniciales + cada clic de construcción. Líneas = muros · curvas = relieve. ◆ oro · ⬟ piedra · ● bayas · ✦ reliquia · ◌ hueco del cierre
Tu base· Abierta — hueco de 6t
Base de malekabugalia· Abierta — hueco de 10t
Terreno inicial suavizado · ◌ = hueco del cierre detectado · pasá el cursor para detalles
Inputs por minuto
— males - - malekabugalia
Build order — males
Primeras 150 de 530 acciones detectadas
| 0:02 | Construir | House |
| 0:06 | Construir | House |
| 0:07 | Crear | Villager (Male) |
| 0:07 | Crear | Villager (Male) |
| 0:07 | Crear | Villager (Male) |
| 0:33 | Crear | Villager (Male) |
| 0:34 | Crear | Villager (Male) |
| 0:34 | Crear | Villager (Male) |
| 1:27 | Crear | Villager (Male) |
| 1:27 | Crear | Villager (Male) |
| 1:44 | Construir | House |
| 1:51 | Construir | Lumber Camp |
| 2:02 | Crear | Villager (Male) |
| 2:03 | Crear | Villager (Male) |
| 2:49 | Crear | Villager (Male) |
| 2:50 | Crear | Villager (Male) |
| 3:28 | Crear | Villager (Male) |
| 3:28 | Crear | Villager (Male) |
| 3:55 | Construir | House |
| 3:58 | Construir | House |
| 4:03 | Crear | Villager (Male) |
| 4:04 | Crear | Villager (Male) |
| 4:04 | Crear | Villager (Male) |
| 4:04 | Crear | Villager (Male) |
| 4:29 | Crear | Villager (Male) |
| 4:30 | Crear | Villager (Male) |
| 4:56 | Construir | Barracks |
| 5:07 | Crear | Villager (Male) |
| 5:07 | Crear | Villager (Male) |
| 5:12 | Construir | House |
| 5:57 | Crear | Villager (Male) |
| 5:58 | Crear | Villager (Male) |
| 5:58 | Crear | Villager (Male) |
| 5:58 | Crear | Villager (Male) |
| 5:58 | Crear | Villager (Male) |
| 5:59 | Crear | Villager (Male) |
| 6:03 | Construir | House |
| 6:34 | Crear | Villager (Male) |
| 6:34 | Crear | Villager (Male) |
| 6:34 | Crear | Villager (Male) |
| 6:45 | Crear | Villager (Male) |
| 6:46 | Crear | Villager (Male) |
| 6:52 | Construir | Mill |
| 7:46 | Construir | Mill |
| 8:10 | Investigar | Feudal Age |
| 8:10 | Investigar | Feudal Age |
| 9:19 | Construir | Farm |
| 9:23 | Construir | Farm |
| 9:24 | Construir | Farm |
| 9:37 | Investigar | Loom |
| 9:37 | Crear | Villager (Male) |
| 9:37 | Crear | Villager (Male) |
| 9:38 | Crear | Villager (Male) |
| 10:05 | Construir | Palisade Gate |
| 10:09 | Construir | House |
| 10:14 | Edad | Edad Feudal |
| 10:17 | Construir | House |
| 10:25 | Construir | Palisade Wall |
| 10:28 | Construir | Palisade Wall |
| 10:30 | Construir | Palisade Gate |
| 10:36 | Crear | Villager (Male) |
| 10:36 | Crear | Villager (Male) |
| 10:38 | Investigar | Double-Bit Axe |
| 10:50 | Crear | Villager (Male) |
| 10:56 | Construir | Farm |
| 11:10 | Construir | Stable |
| 11:12 | Construir | House |
| 11:16 | Construir | Palisade Wall |
| 11:19 | Construir | Palisade Gate |
| 11:21 | Crear | Villager (Male) |
| 11:47 | Construir | House |
| 12:02 | Crear | Villager (Male) |
| 12:08 | Crear | Scout Cavalry ×5 |
| 12:15 | Construir | Farm |
| 12:19 | Construir | Farm |
| 12:29 | Construir | Blacksmith |
| 12:31 | Crear | Villager (Male) |
| 12:48 | Construir | Palisade Gate |
| 12:49 | Construir | House |
| 12:58 | Construir | House |
| 13:00 | Crear | Villager (Male) |
| 13:23 | Construir | Mining Camp |
| 13:31 | Crear | Villager (Male) |
| 13:39 | Construir | Lumber Camp |
| 13:45 | Construir | Lumber Camp |
| 14:01 | Construir | Palisade Gate |
| 14:08 | Construir | House |
| 14:11 | Construir | Palisade Gate |
| 14:25 | Construir | House |
| 14:26 | Construir | House |
| 14:35 | Construir | Farm |
| 14:36 | Construir | Farm |
| 14:45 | Crear | Villager (Male) |
| 14:45 | Crear | Villager (Male) |
| 14:46 | Crear | Villager (Male) |
| 14:53 | Construir | Farm |
| 15:03 | Crear | Villager (Male) |
| 15:25 | Investigar | Forging |
| 15:52 | Crear | Villager (Male) |
| 15:54 | Construir | Farm |
| 15:57 | Construir | Farm |
| 16:00 | Construir | Farm |
| 16:05 | Investigar | Scale Barding Armor |
| 16:23 | Investigar | Bloodlines |
| 17:03 | Crear | Villager (Male) |
| 17:03 | Crear | Villager (Male) |
| 17:04 | Crear | Villager (Male) |
| 17:04 | Crear | Villager (Male) |
| 17:20 | Crear | Villager (Male) |
| 17:28 | Investigar | Gold Mining |
| 17:31 | Investigar | Horse Collar |
| 17:55 | Crear | Villager (Male) |
| 18:02 | Construir | Farm |
| 18:03 | Construir | Farm |
| 18:03 | Construir | Farm |
| 18:03 | Construir | Farm |
| 18:04 | Construir | Farm |
| 18:04 | Construir | Farm |
| 18:32 | Construir | Stable |
| 19:00 | Construir | Farm |
| 19:12 | Construir | Farm |
| 19:15 | Crear | Villager (Male) |
| 19:49 | Construir | Farm |
| 19:51 | Construir | Farm |
| 19:53 | Construir | Farm |
| 20:01 | Construir | House |
| 20:13 | Investigar | Castle Age |
| 20:22 | Construir | Farm |
| 20:57 | Construir | Palisade Gate |
| 21:30 | Construir | Mining Camp |
| 21:58 | Construir | Farm |
| 22:39 | Edad | Edad de los Castillos |
| 22:42 | Construir | Town Center |
| 22:49 | Crear | Knight ×5 |
| 22:50 | Crear | Knight ×5 |
| 23:43 | Crear | Villager (Male) |
| 23:43 | Crear | Villager (Male) |
| 23:44 | Crear | Villager (Male) |
| 23:44 | Crear | Villager (Male) |
| 23:49 | Construir | Monastery |
| 23:51 | Crear | Villager (Male) |
| 23:52 | Crear | Villager (Male) |
| 24:09 | Construir | Farm |
| 24:10 | Crear | Villager (Male) |
| 24:11 | Crear | Villager (Male) |
| 24:38 | Crear | Villager (Male) |
| 24:38 | Crear | Villager (Male) |
| 24:39 | Crear | Villager (Male) |
| 24:39 | Crear | Villager (Male) |
| 24:46 | Crear | Villager (Male) |
Build order — malekabugalia
Primeras 150 de 628 acciones detectadas
| 0:02 | Crear | Villager (Male) |
| 0:02 | Crear | Villager (Male) |
| 0:02 | Crear | Villager (Male) |
| 0:03 | Construir | House |
| 0:05 | Construir | House |
| 0:42 | Crear | Villager (Male) |
| 1:50 | Crear | Villager (Male) |
| 2:12 | Crear | Villager (Male) |
| 2:23 | Construir | Lumber Camp |
| 2:50 | Crear | Villager (Male) |
| 2:50 | Crear | Villager (Male) |
| 2:50 | Crear | Villager (Male) |
| 3:40 | Crear | Villager (Male) |
| 4:12 | Construir | House |
| 4:25 | Crear | Villager (Male) |
| 4:33 | Crear | Villager (Male) |
| 4:54 | Crear | Villager (Male) |
| 4:59 | Construir | Mill |
| 5:04 | Crear | Villager (Male) |
| 5:18 | Crear | Villager (Male) |
| 5:18 | Crear | Villager (Male) |
| 5:32 | Crear | Villager (Male) |
| 6:32 | Investigar | Loom |
| 7:22 | Investigar | Feudal Age |
| 7:23 | Investigar | Feudal Age |
| 7:23 | Investigar | Feudal Age |
| 7:41 | Construir | Mining Camp |
| 8:20 | Construir | Barracks |
| 9:00 | Construir | House |
| 9:04 | Crear | Villager (Male) |
| 9:23 | Construir | House |
| 9:32 | Crear | Villager (Male) |
| 9:32 | Edad | Edad Feudal |
| 9:48 | Construir | Archery Range |
| 9:53 | Construir | Archery Range |
| 10:22 | Construir | House |
| 10:24 | Construir | Palisade Wall |
| 10:26 | Construir | Palisade Wall |
| 10:31 | Crear | Villager (Male) |
| 10:32 | Crear | Villager (Male) |
| 10:40 | Investigar | Double-Bit Axe |
| 10:56 | Crear | Archer |
| 11:02 | Crear | Archer |
| 11:03 | Crear | Villager (Male) |
| 11:09 | Construir | Palisade Wall |
| 11:16 | Crear | Villager (Male) |
| 11:18 | Construir | Farm |
| 11:28 | Crear | Villager (Male) |
| 11:30 | Crear | Archer |
| 11:44 | Crear | Spearman |
| 11:49 | Construir | Palisade Wall |
| 11:51 | Construir | Palisade Wall |
| 11:57 | Construir | Blacksmith |
| 12:00 | Crear | Villager (Male) |
| 12:04 | Construir | Palisade Wall |
| 12:11 | Construir | Palisade Wall |
| 12:14 | Construir | Market |
| 12:15 | Crear | Villager (Male) |
| 12:16 | Crear | Archer |
| 12:36 | Crear | Archer |
| 12:39 | Construir | House |
| 12:46 | Investigar | Wheelbarrow |
| 13:14 | Construir | House |
| 13:39 | Crear | Villager (Male) |
| 13:41 | Investigar | Fletching |
| 13:41 | Investigar | Fletching |
| 13:41 | Investigar | Fletching |
| 13:58 | Crear | Villager (Male) |
| 14:17 | Construir | House |
| 14:18 | Construir | House |
| 14:25 | Construir | Farm |
| 14:27 | Construir | Farm |
| 14:31 | Construir | Farm |
| 14:44 | Crear | Villager (Male) |
| 14:45 | Crear | Archer |
| 14:48 | Crear | Spearman |
| 15:00 | Construir | House |
| 15:07 | Construir | House |
| 15:25 | Construir | Palisade Gate |
| 15:29 | Construir | House |
| 15:40 | Construir | Palisade Gate |
| 15:57 | Construir | Palisade Wall |
| 15:59 | Construir | Palisade Wall |
| 16:13 | Crear | Villager (Male) |
| 16:13 | Crear | Villager (Male) |
| 16:27 | Construir | Farm |
| 16:29 | Construir | Farm |
| 16:33 | Construir | Farm |
| 17:46 | Crear | Villager (Male) |
| 17:49 | Construir | Farm |
| 18:03 | Construir | Farm |
| 18:03 | Construir | Farm |
| 18:03 | Construir | Farm |
| 18:03 | Construir | Farm |
| 18:29 | Construir | Lumber Camp |
| 18:54 | Crear | Villager (Male) |
| 19:02 | Construir | Farm |
| 19:02 | Construir | Farm |
| 19:03 | Construir | Farm |
| 19:29 | Crear | Spearman |
| 19:51 | Construir | Palisade Gate |
| 19:56 | Crear | Villager (Male) |
| 19:56 | Crear | Villager (Male) |
| 20:09 | Construir | House |
| 20:42 | Investigar | Padded Archer Armor |
| 20:52 | Crear | Villager (Male) |
| 20:57 | Construir | Farm |
| 20:58 | Construir | Farm |
| 20:59 | Construir | Farm |
| 21:28 | Investigar | Castle Age |
| 21:28 | Investigar | Castle Age |
| 21:29 | Investigar | Castle Age |
| 21:29 | Investigar | Castle Age |
| 21:30 | Construir | Palisade Wall |
| 22:45 | Construir | Archery Range |
| 23:22 | Crear | Archer |
| 23:22 | Crear | Archer |
| 24:08 | Edad | Edad de los Castillos |
| 24:17 | Construir | Town Center |
| 24:40 | Crear | Archer |
| 24:45 | Crear | Archer |
| 24:55 | Construir | Stable |
| 24:59 | Construir | Monastery |
| 25:01 | Crear | Villager (Male) |
| 25:24 | Construir | Town Center |
| 25:31 | Crear | Villager (Male) |
| 25:31 | Crear | Villager (Male) |
| 25:39 | Investigar | Crossbowman (upgrade) |
| 25:40 | Investigar | Crossbowman (upgrade) |
| 25:40 | Investigar | Crossbowman (upgrade) |
| 25:42 | Investigar | Thumb Ring |
| 25:42 | Investigar | Thumb Ring |
| 25:43 | Crear | Villager (Male) |
| 25:44 | Crear | Monk |
| 25:45 | Crear | Monk |
| 25:49 | Construir | House |
| 25:51 | Construir | Palisade Wall |
| 25:57 | Crear | Archer |
| 26:00 | Crear | Villager (Male) |
| 26:23 | Construir | House |
| 26:27 | Construir | House |
| 26:28 | Crear | Monk |
| 26:35 | Crear | Monk |
| 26:37 | Crear | Archer |
| 26:38 | Crear | Archer |
| 26:44 | Construir | House |
| 26:52 | Construir | House |
| 27:49 | Crear | Archer |
| 27:49 | Crear | Archer |
| 27:54 | Crear | Villager (Male) |
Cronología de la partida
| 4:56 | males · first_building Barracks |
| 8:20 | malekabugalia · first_building Barracks |
| 9:32 | malekabugalia · age_up feudal |
| 9:48 | malekabugalia · first_building Archery Range |
| 10:14 | males · age_up feudal |
| 10:24 | malekabugalia · wall_segment Palisade Wall x2 |
| 10:25 | males · wall_segment Palisade Wall x7 |
| 10:26 | malekabugalia · wall_segment Palisade Wall x6 |
| 10:28 | males · wall_segment Palisade Wall x4 |
| 11:09 | malekabugalia · wall_segment Palisade Wall x3 |
| 11:10 | males · first_building Stable |
| 11:16 | males · wall_segment Palisade Wall x7 |
| 11:49 | malekabugalia · wall_segment Palisade Wall x2 |
| 11:51 | malekabugalia · wall_segment Palisade Wall x1 |
| 12:04 | malekabugalia · wall_segment Palisade Wall x4 |
| 12:11 | malekabugalia · wall_segment Palisade Wall x1 |
| 15:57 | malekabugalia · wall_segment Palisade Wall x1 |
| 15:59 | malekabugalia · wall_segment Palisade Wall x1 |
| 19:58 | malekabugalia · first_market_sell 100 wood |
| 20:49 | malekabugalia · first_market_buy 100 food |
| 21:30 | malekabugalia · wall_segment Palisade Wall x1 |
| 22:39 | males · age_up castle |
| 23:49 | males · first_building Monastery |
| 24:08 | malekabugalia · age_up castle |
| 24:55 | malekabugalia · first_building Stable |
| 24:59 | malekabugalia · first_building Monastery |
| 25:51 | malekabugalia · wall_segment Palisade Wall x1 |
| 27:58 | malekabugalia · wall_segment Palisade Wall x1 |
| 34:44 | malekabugalia · first_building Castle |
| 34:54 | males · first_building Castle |
| 41:14 | malekabugalia · age_up imperial |
| 41:35 | males · age_up imperial |
| 43:28 | males · first_building Archery Range |
| 51:43 | males · first_building Siege Workshop |
| 55:05 | males · first_market_sell 500 food |
| 72:32 | malekabugalia · resign |
[ ANÁLISIS IA · 1 CRÉDITO ]
¿Qué pasó realmente en esta partida?
Wolo.gg analiza cada decisión: build order, eco, micro, errores típicos por bracket. Análisis personalizado por WhatsApp o Discord en 30 segundos.
Guía civ
Persas
Perfil
males